 Dungeon Crawl Stone Soup version 0.29.0-4-gdea44cf6ec (webtiles) character file.

Game seed: 10773773664445308109

125 qw the Chopper (level 5, -2/41 HPs)
             Began as a Barachi Chaos Knight on Sept 6, 2022.
             Slain by an orc
             ... wielding a +4 vampiric dagger
              (7 damage)
             ... on level 3 of the Dungeon.
             The game lasted 00:01:00 (2325 turns).

qw the Chopper (Barachi Chaos Knight)               Turns: 2325, Time: 00:01:01

Health: -2/41      AC:  7    Str: 13    XL:     5   Next: 9%
Magic:  5/5        EV: 11    Int: 13    God:
Gold:   141        SH:  0    Dex:  9    Spells: 4/4 levels left

rFire   . . .      SeeInvis .   Y - +0 hand axe (chaos)
rCold   . . .      Faith    .   (no shield)
rNeg    . . .      Spirit   .   b - +2 leather armour
rPois   .          Reflect  .   (no helmet)
rElec   .          Harm     .   (no cloak)
rCorr   .          Rampage  .   (no gloves)
Will    .....                   (no boots)
Stlth   +.........              (no amulet)
HPRegen 0.13/turn               (no ring)
MPRegen 0.09/turn               (no ring)

@: slow
A: amphibious, slowness 1, strong legs 1, +LOS, talons 1, iridescent scales 1,
clumsy 1, screaming 2, weak 1
a: Hop


You were on level 3 of the Dungeon.
You visited 1 branch of the dungeon, and saw 3 of its levels.

You collected 141 gold pieces.


Innate Abilities, Weirdness & Mutations

You are amphibious.
You cover ground slowly.
You can hop short distances.
You have an extended range of vision and can be seen from far away.
You have sharp toenails.
You are partially covered in iridescent scales. (AC +2)
You are clumsy. (Dex -2)
You frequently scream uncontrollably at your foes.
You are weak. (Str -2)


   Skills:
 + Level 3.6 Fighting
 - Level 6.2 Axes
 - Level 2.4 Armour
 - Level 1.1 Dodging


You had 4 spell levels left.
You didn't know any spells.
Your spell library was empty.

Inventory:

Hand Weapons
 h - a +0 vorpal mace
 Y - a +0 hand axe of chaos (weapon)
Armour
 b - a +2 leather armour (worn)
 d - a +0 scale mail
Scrolls
 e - a scroll of identify
 i - a scroll of enchant armour {unknown}
Potions
 f - a potion of curing
 g - a potion of degeneration {unknown}
 j - a potion of brilliance {unknown}
 k - a potion of mutation {unknown}
Miscellaneous
 c - a piece from Xom's chessboard (15/15)

Dungeon Overview and Level Annotations

Branches:
Dungeon (3/15)

Altars:


Message History

The hound bites you. The hound misses you.
2319 ||| READING scroll of teleportation.
As you read the scroll of teleportation, it crumbles to dust.
You feel strangely unstable. The hound bites you but does no damage.
You hit the hound.
You kill the hound!
Your life force feels restored.
Your Axes skill increases to level 6!
You have reached level 5!
You start resting.
Your surroundings suddenly seem different.
You bellow at the orc! 2 bats, a rat, 4 orcs and an orc wizard come into view.
An orc is wielding a +4 vampiric dagger.
You bellow at the bat!
Found a scroll of identify and 16 gold pieces.
Found a stone staircase leading down and a stone staircase leading up.
The orc shouts! x3; The orc wizard shouts!
You hear a shout!
A hobgoblin comes into view.
You bellow at the hobgoblin!
Enter note: The bat hits you but does no damage.
The orc barely misses you. The bat misses you.
You barely miss the bat. You hit the orc.
The orc seems to grow stronger.
You barely miss the orc. You hit the orc. You drain the orc.
The bat hits you but does no damage. The bat misses you.
An ogre comes into view. It is wielding a +0 giant spiked club.
The orc wizard mumbles some strange words.
The orc wizard flickers and vanishes!
Deactivating autopickup; reactivate with Ctrl-A.
The orc hits you with a +4 vampiric dagger.
The orc draws strength from your wounds!
The orc barely misses you. The bat hits you but does no damage.
You hit the orc but do no damage. You claw the orc, but do no damage.
The orc is moderately wounded.
You closely miss the orc. You hit the orc but do no damage.
The orc is poisoned.
You miss the bat. The bat closely misses you.
The orc hits you with a +4 vampiric dagger!
You die...

#######
########......##
#.....#...?....#
#...............
#...............
#......oo.r.....
###....@b>......
##.#boo....... #
##...<.....
........O.
.g........
.......$...
...........
.$..........
...........#


You could see an ogre, 4 orcs, a hobgoblin, 2 bats and a rat.

Vanquished Creatures
  A hound (D:3)
  Terence (D:3)
  3 adders
  5 bats
  4 endoplasms
  3 giant cockroaches
  4 goblins
  3 hobgoblins
  3 jackals (D:1)
  A kobold (D:1)
  A quokka (D:2)
  5 ball pythons
  4 frilled lizards
  6 rats
44 creatures vanquished.

Vanquished Creatures (collateral kills)
  A bat (D:2)
  A rat (D:2)
2 creatures vanquished.

Vanquished Creatures (others)
  7 fungi (D:3)
  2 plants
9 creatures vanquished.

Grand Total: 55 creatures vanquished

Notes
Turn   | Place    | Note
-------+----------+-------------------------------------------
     0 | D:1      | qw the Barachi Chaos Knight began the quest for the Orb.
     0 | D:1      | Reached XP level 1. HP: 18/18 MP: 1/1
     0 | D:1      | 0 ||| qw: Version: 0.1-a-107-g55f7f8b
     0 | D:1      | 0 ||| qw: Game counter: 6032
     0 | D:1      | 0 ||| qw: Always use a shield: true
     0 | D:1      | 0 ||| qw: God list: Okawaru
     0 | D:1      | 0 ||| qw: Allow faded altars: false
     0 | D:1      | 0 ||| qw: Do Orc after D:15 true
     0 | D:1      | 0 ||| qw: Do second Lair branch before Depths: true
     0 | D:1      | 0 ||| qw: Lair rune preference: random
     0 | D:1      | 0 ||| qw: Plans: Normal
     0 | D:1      | 0 ||| PLANNING D:1-11
     0 | D:1      | Fell from the grace of Xom
    45 | D:1      | 45 ||| Stepping ~*~*~tactically~*~*~ (stealth).
   203 | D:1      | 203 ||| Stepping ~*~*~tactically~*~*~ (stealth).
   204 | D:1      | 204 ||| Stepping ~*~*~tactically~*~*~ (stealth).
   205 | D:1      | 205 ||| Stepping ~*~*~tactically~*~*~ (stealth).
   206 | D:1      | 206 ||| Stepping ~*~*~tactically~*~*~ (stealth).
   211 | D:1      | Reached XP level 2. HP: 21/24 MP: 2/2
   215 | D:1      | XOM: 8-stop teleportation journey
   272 | D:1      | 272 ||| Stepping ~*~*~tactically~*~*~ (stealth).
   273 | D:1      | 273 ||| Stepping ~*~*~tactically~*~*~ (stealth).
   287 | D:1      | 287 ||| Stepping ~*~*~tactically~*~*~ (stealth).
   292 | D:1      | Reached skill level 4 in Axes
   386 | D:1      | 386 ||| DROPPING +0 club.
   627 | D:1      | You fall into a shaft and drop 1 floor!
   630 | D:2      | 630 ||| Stepping ~*~*~tactically~*~*~ (stealth).
   631 | D:2      | 631 ||| Stepping ~*~*~tactically~*~*~ (stealth).
   632 | D:2      | 632 ||| Stepping ~*~*~tactically~*~*~ (stealth).
   641 | D:2      | Reached XP level 3. HP: 24/29 MP: 3/3
   657 | D:2      | 657 ||| Stepping ~*~*~tactically~*~*~ (stealth).
   658 | D:2      | 658 ||| Stepping ~*~*~tactically~*~*~ (stealth).
   660 | D:2      | 660 ||| Stepping ~*~*~tactically~*~*~ (stealth).
   683 | D:2      | 683 ||| Stepping ~*~*~tactically~*~*~ (stealth).
   686 | D:2      | 686 ||| Stepping ~*~*~tactically~*~*~ (stealth).
   697 | D:2      | 697 ||| FLEEEEING.
   734 | D:2      | XOM: summons 4 hostile shadow creatures
   757 | D:2      | 757 ||| FLEEEEING.
   758 | D:2      | 758 ||| FLEEEEING.
   759 | D:2      | 759 ||| STAIRDANCE
   836 | D:1      | XOM: give mutations
   836 | D:1      | Gained mutation: You occasionally shout uncontrollably at
                  | your foes. [Xom's mischief]
   836 | D:1      | Gained mutation: You are partially covered in iridescent
                  | scales. (AC +2) [Xom's mischief]
   836 | D:1      | Gained mutation: You frequently scream uncontrollably at
                  | your foes. [Xom's mischief]
   836 | D:1      | Gained mutation: You are weak. (Str -2) [Xom's mischief]
  1077 | D:1      | 1077 ||| READING scroll labelled NEEGEL NEZI.
  1078 | D:1      | 1078 ||| READING 3 scrolls labelled REC BUFIMEOD.
  1079 | D:1      | 1079 ||| READING scroll labelled ERUCYS DIFU.
  1084 | D:1      | 1084 ||| READING scroll labelled CIHUAV GIGEO.
  1085 | D:1      | 1085 ||| READING scroll labelled VUVARU ONIOHEL.
  1086 | D:1      | 1086 ||| READING 2 scrolls of identify.
  1086 | D:1      | 1086 ||| IDENTIFYING metallic black potion
  1140 | D:2      | Reached skill level 5 in Axes
  1287 | D:2      | 1287 ||| Stepping ~*~*~tactically~*~*~ (hiding).
  1306 | D:2      | XOM: 1-stop teleportation journey
  1451 | D:2      | XOM: summons 2 hostile shadow creatures
  1518 | D:2      | Reached XP level 4. HP: 36/36 MP: 4/4
  1676 | D:2      | Found a faded altar of an unknown god.
  1946 | D:2      | 1946 ||| READING scroll labelled RANOASEHEJ.
  1947 | D:2      | 1947 ||| READING scroll labelled MIEL AQOHOH.
  2076 | D:3      | XOM: give mutations
  2076 | D:3      | Gained mutation: You have sharp toenails. [Xom's mischief]
  2076 | D:3      | Lost mutation: You are partially covered in iridescent
                  | scales. (AC +2) [Xom's mischief]
  2076 | D:3      | Gained mutation: You are clumsy. (Dex -2) [Xom's mischief]
  2076 | D:3      | Gained mutation: You are partially covered in iridescent
                  | scales. (AC +2) [Xom's mischief]
  2114 | D:3      | Noticed Terence
  2123 | D:3      | Killed Terence
  2304 | D:3      | 2304 ||| Stepping ~*~*~tactically~*~*~ (stealth).
  2318 | D:3      | HP: 7/35 [hound (5)]
  2319 | D:3      | 2319 ||| READING scroll of teleportation.
  2321 | D:3      | Reached skill level 6 in Axes
  2321 | D:3      | Reached XP level 5. HP: 9/41 MP: 5/5
  2324 | D:3      | Noticed an ogre
  2324 | D:3      | HP: 5/41 [orc/+4 vampiric dagger (4)]
  2325 | D:3      | Slain by an orc

Levels and vault maps discovered:
D:1:      dpeg_arrival_tiny_e, layout_loops_ring, serial_forest,
          infiniplex_forest_lined_ring, infiniplex_forest_diagonal,
          infiniplex_forest_straight_2, infiniplex_forest_clump_small,
          infiniplex_forest_end_1, infiniplex_forest_pool,
          infiniplex_forest_clump_small, infiniplex_forest_end_3,
          minmay_misc_feat_doors, glass_columns_c
D:2:      layout_loops_ring, ebering_ecumenical_altar_rust, nrook_loot_triangle
D:3:      layout_rooms, fedhas_altar_3, gammafunk_ghost_necromancy, uniq_terence

Skill      XL: |  1  2  3  4 |
---------------+-------------+-----
Axes           | 4 5 6 |  6.2
Fighting       | |  3.6
Armour         | |  2.4
Dodging        | |  1.1

Action                   |  1- 3 |  4- 6 || total
-------------------------+-------+-------++-------
Melee: Hand axe          |   126 |    29 ||   155
       Punch             |     1 |     1 ||     2
       Kick              |       |     3 ||     3
Invok: Renounce Religion |     1 |       ||     1
  Use: Scroll            |     6 |     3 ||     9
 Stab: Petrified         |     2 |       ||     2
Armor: Leather armour    |    53 |    11 ||    64
Dodge: Dodged            |    71 |    25 ||    96

Table legend:
 A = Non-vault XP
 B = Vault XP
 C = Vault XP percentage of total XP
 D = Non-vault monster count
 E = Vault monster count
 F = Vault count percentage of total count
                 A         B        C        D         E       F
            +---------+---------+-------+---------+---------+-------
      Total |     147 |      32 |  17.9 |      45 |       1 |   2.2
            +---------+---------+-------+---------+---------+-------
        D:1 |      38 |       0 |   0.0 |      24 |       0 |   0.0
        D:2 |      52 |       0 |   0.0 |      18 |       0 |   0.0
        D:3 |      57 |      32 |  36.0 |       3 |       1 |  25.0
            +---------+---------+-------+---------+---------+-------
